 Dungeon Crawl Stone Soup version 0.31-a0-354-g827e0957a7 (webtiles) character file.

Game seed: 5831297999929659436

447056 AdnanSaban the Hoplite (level 23, -16/160 HPs)
             Began as a Gargoyle Fighter on July 24, 2023.
             Was the Champion of Okawaru.
             Killed from afar by a living spell (35 damage)
             ... with an iceblast
             ... summoned by a walking frostbound tome
             ... on level 4 of the Depths.
             The game lasted 03:00:39 (48476 turns).

AdnanSaban the Hoplite (Gargoyle Fighter)          Turns: 48476, Time: 03:00:43

Health: -16/160    AC: 63    Str: 34    XL:     23   Next: 89%
Magic:  23/26      EV:  7    Int: 14    God:    Okawaru [******]
Gold:   5572       SH: 40    Dex:  9    Spells: 22/22 levels left

rFire   + + .        Q - +5 eveningstar of Kindness {flame, rElec rF+ rC+}
rCold   + . .        h - +18 shield of the Gong {Loud rN+ Will+ rCorr EV-5}
rNeg    + + +        F - +15 Maxwell's patent armour {-Cast -Tele rElec Will+ rCorr}
rPois   ∞            l - +2 helmet of Servitude {rPois SInv}
rElec   +            m - scarf of Liberalism {rC+ rF+, rPois Str+3}
rCorr   +            W - +1 pair of gloves "Xymer" {rF- rN+++ Regen+ rCorr}
SInv    +            V - +2 pair of boots "Moivurpho" {rN+ Int+5 Slay+6}
Will    ++++.        t - amulet of reflection Stlth
                     q - ring of protection from fire
HPRegen 1.26/turn    v - ring of willpower
MPRegen 0.20/turn

%: no teleportation, no spellcasting, reflection
@: heroic, finesse-ful, flying, studying Staves
A: sickness immunity, AC +17, big wings, negative energy resistance 1,
electricity resistance, torment resistance 1, petrification resistance, cold
vulnerability 1
}: 3/15 runes: decaying, serpentine, silver
a: Renounce Religion, Heroism, Finesse, Duel


You were on level 4 of the Depths.
You worshipped Okawaru.
Okawaru was exalted by your worship.
You visited 9 branches of the dungeon, and saw 42 of its levels.
You visited 1 bazaar.
You also visited: Ice Cave.

You collected 5920 gold pieces.
You spent 348 gold pieces at shops.

Inventory:

Hand Weapons
 Q - the +5 eveningstar of Kindness (weapon) {flame, rElec rF+ rC+}
   (Okawaru gifted it to you on level 11 of the Dungeon)

   rF:        It protects you from fire.
   rC:        It protects you from cold.
   rElec:     It insulates you from electricity.
Missiles
 k - 5 silver javelins
 z - 33 poisoned darts (quivered)
 C - a datura-tipped dart
 J - 8 atropa-tipped darts
 X - 2 throwing nets
Armour
 h - the +18 shield of the Gong (worn) {Loud rN+ Will+ rCorr EV-5}
   (You found it on level 5 of the Vaults)

   Loud:      It is deafeningly noisy when blocking attacks.
   EV:        It affects your evasion (-5).
   rN:        It protects you from negative energy.
   rCorr:     It protects you from acid and corrosion.
   Will:      It increases your willpower.
 l - the +2 helmet of Servitude (worn) {rPois SInv}
   (Okawaru gifted it to you on level 3 of the Depths)

   rPois:     It protects you from poison.
   SInv:      It lets you see invisible.
 m - the scarf of Liberalism (worn) {rC+ rF+, rPois Str+3}
   (Okawaru gifted it to you on level 4 of the Swamp)

   Str:       It affects your strength (+3).
   rPois:     It protects you from poison.
 y - a +1 tower shield
 B - a +1 kite shield of cold resistance
 F - the +15 Maxwell's patent armour (worn) {-Cast -Tele rElec Will+ rCorr}
   (Okawaru gifted it to you on level 15 of the Dungeon)

   rElec:     It insulates you from electricity.
   -Cast:     It prevents spellcasting.
   -Tele:     It prevents most forms of teleportation.
   rCorr:     It protects you from acid and corrosion.
   Will:      It increases your willpower.
 V - the +2 pair of boots "Moivurpho" (worn) {rN+ Int+5 Slay+6}
   (Okawaru gifted it to you on level 12 of the Dungeon)

   Int:       It affects your intelligence (+5).
   Slay:      It affects your accuracy & damage with ranged weapons and melee
   (+6).
   rN:        It protects you from negative energy.
 W - the +1 pair of gloves "Xymer" (worn) {rF- rN+++ Regen+ rCorr}
   (Okawaru gifted it to you on level 1 of the Lair of Beasts)

   rF:        It makes you vulnerable to fire.
   rN:        It renders you almost immune to negative energy.
   Regen:     It increases your rate of health regeneration.
   rCorr:     It protects you from acid and corrosion.
Jewellery
 b - the amulet of the Will of the Gods {Faith rC++ Int-2 Slay+6 Stlth+}
   (You found it on level 5 of the Vaults)

   [amulet of faith]

   It allows you to gain divine favour quickly.
   Int:       It affects your intelligence (-2).
   Slay:      It affects your accuracy & damage with ranged weapons and melee
   (+6).
   rC:        It greatly protects you from cold.
   Stlth:     It makes you more stealthy.
 f - a +5 ring of evasion
 q - a ring of protection from fire (left hand)
 t - an amulet of reflection (around neck)
 v - a ring of willpower (right hand)
 P - a ring of protection from cold
Wands
 o - a wand of digging (6)
 r - a wand of flame (181)
 O - a wand of iceblast (17)
 S - a wand of polymorph (13)
Scrolls
 a - 2 scrolls of summoning {unknown}
 c - 6 scrolls of torment
 e - 7 scrolls of blinking
 g - 7 scrolls of enchant armour
 i - 3 scrolls of acquirement {unknown}
 j - 7 scrolls of identify
 n - 4 scrolls of fog {unknown}
 s - 7 scrolls of amnesia
 w - 17 scrolls of teleportation
 D - 6 scrolls of enchant weapon
 G - 5 scrolls of fear
 I - 5 scrolls of poison
 K - 4 scrolls of revelation
 M - 3 scrolls of brand weapon {unknown}
 N - 3 scrolls of silence
Potions
 d - 5 potions of might
 p - 4 potions of invisibility {unknown}
 u - 14 potions of curing
 x - 6 potions of heal wounds
 A - 4 potions of haste
 E - 4 potions of ambrosia
 H - 7 potions of lignification
 L - 3 potions of attraction
 R - 4 potions of resistance {unknown}
 U - 6 potions of cancellation


   Skills:
 + Level 21.2(26.2) Fighting
 + Level 22.6(27) Maces & Flails
 + Level 8.3(13.3) Throwing
 + Level 17.6(22.6) Armour
 + Level 5.3(10.3) Dodging
 + Level 25.2(27) Shields
 * Level 4.1 Invocations


You had 22 spell levels left.
You didn't know any spells.
Your spell library contained the following spells:

 Spells                   Type           Power      Damage    Failure   Level
 Foxfire                  Conj/Fire      0%         2x1d4     65%         1
 Freeze                   Ice            0%         1d3       65%         1
 Magic Dart               Conj           0%         1d3       65%         1
 Necrotise                Necr           0%         1d4       65%         1
 Shock                    Conj/Air       0%         1d3       65%         1
 Slow                     Hex            0%         N/A       65%         1
 Sting                    Tmut/Pois      0%         1d3       65%         1
 Blink                    Tloc           0%         N/A       80%         2
 Ensorcelled Hibernation  Hex/Ice        0%         N/A       80%         2
 Lesser Beckoning         Tloc           0%         N/A       80%         2
 Momentum Strike          Conj/Tloc      0%         3d8       80%         2
 Poisonous Vapours        Pois/Air       0%         N/A       80%         2
 Searing Ray              Conj           0%         2d4       80%         2
 Static Discharge         Conj/Air       0%         2-2/arc   80%         2
 Confusing Touch          Hex            0%         N/A       95%         3
 Dazzling Flash           Conj/Hex       0%         N/A       95%         3
 Frozen Ramparts          Ice            0%         1d1       95%         3
 Gell's Gravitas          Tloc           0%         N/A       95%         3
 Hailstorm                Conj/Ice       0%         3d3       95%         3
 Ignite Poison            Fire/Tmut/Pois 0%         N/A       95%         3
 Portal Projectile        Hex/Tloc       0%         N/A       95%         3
 Swiftness                Air            0%         N/A       95%         3
 Teleport Other           Tloc           0%         N/A       95%         3
 Vampiric Draining        Necr           0%         2d6       95%         3
 Volatile Blastmotes      Fire/Tloc      0%         2d10      95%         3
 Airstrike                Air            0%         2d(0-16)  100%        4
 Anguish                  Hex/Necr       0%         N/A       100%        4
 Cause Fear               Hex            0%         N/A       100%        4
 Fulminant Prism          Conj/Hex       0%         3d5       100%        4
 Iskenderun's Mystic Bla  Conj/Tloc      0%         2d3       100%        4
 Leda's Liquefaction      Hex/Erth       0%         N/A       100%        4
 Sticky Flame             Conj/Fire      0%         2d3       100%        4
 Agony                    Necr           0%         N/A       100%        5
 Alistair's Intoxication  Tmut/Pois      0%         N/A       100%        5
 Borgnjor's Vile Clutch   Necr/Erth      0%         N/A       100%        5
 Irradiate                Conj/Tmut      0%         3d11      100%        5
 Dispersal                Tloc           0%         N/A       100%        6
 Eringya's Noxious Bog    Tmut/Pois      0%         4d6       100%        6
 Leda's Unmaking          Conj/Erth      0%         9d1       100%        6
 Plasma Beam              Fire/Air       0%         2x1d10    100%        6
 Starburst                Conj/Fire      0%         6d3       100%        6
 Enfeeble                 Hex            0%         N/A       100%        7
 Ozocubu's Refrigeration  Ice            0%         4d7       100%        7
 Borgnjor's Revivificati  Necr           0%         N/A       100%        8
 Ignition                 Fire           0%         3d3       100%        8
 Lehudib's Crystal Spear  Conj/Erth      0%         10d2      100%        8
 Maxwell's Capacitive Co  Air            0%         ∞         100%        8
 Chain Lightning          Conj/Air       0%         N/A       100%        9
 Death's Door             Necr           0%         N/A       100%        9
 Polar Vortex             Ice            0%         N/A       100%        9
 Call Canine Familiar     Summ           Unusable   N/A       N/A         3
 Tukima's Dance           Hex            Unusable   N/A       N/A         3
 Summon Lightning Spire   Summ/Air       Unusable   N/A       N/A         4
 Simulacrum               Ice/Necr       Unusable   N/A       N/A         6
 Haunt                    Necr/Summ      Unusable   N/A       N/A         7

Dungeon Overview and Level Annotations

Branches:
Dungeon (15/15)            Temple (1/1) D:6            Lair (5/5) D:11
  Swamp (4/4) Lair:2        Snake (4/4) Lair:3        Slime (0/5) Lair:5
    Orc (2/2) D:12            Elf (2/3) Orc:2        Vaults (5/5) D:14
  Crypt (0/3) Vaults:2     Depths (3/4) D:15          IceCv (visited)

Altars:
Ashenzari
Cheibriados
Dithmenos
Elyvilon
Fedhas
Gozag
Hepliaklqana
Kikubaaqudgha
Makhleb
Nemelex Xobeh
Okawaru
Qazlal
Ru
Sif Muna
Trog
Uskayaw
Vehumet
Wu Jian
Xom
Yredelemnul
Zin
The Shining One
Jiyva

Shops:
D:7 *   Orc:2 !=!*   Snake:1 :![[   Snake:2 ?   Snake:3 !   Vaults:1 (
Vaults:2 ?   Vaults:4 [   Depths:2 (

Portals:
Hell: Depths:1 Depths:2 Depths:3
Abyss: Depths:2
Pandemonium: Depths:2
Trove: D:15 (give 7 scrolls of blinking)

Annotations:
D:3 1 runed translucent door, Crazy Yiuf
Swamp:1 3 runed translucent doors, nawrastar's ghost, adept TeSu
Elf:1 6 runed translucent doors
Elf:2 4 runed translucent doors, gyole's ghost, journeyman TrSh
Vaults:4 2 transporters, exclusion: orange crystal statue, Hosunepni's ghost, adept FeBe


Innate Abilities, Weirdness & Mutations

You are immune to sickness and miasma.
Your stone body is resilient. (AC +17)
You are immune to poison.
Your large and strong wings let you fly.
You resist negative energy. (rN+)
You are resistant to electric shocks. (rElec)
You are resistant to unholy torment.
You are immune to petrification.
You are vulnerable to cold. (rC-)


Message History

The hell knight invokes the aid of its god against you.
The bolt of fire hits you but does no damage.
The walking frostbound tome erupts in a flurry of living spells!
The brown ugly thing basks in the mutagenic energy from its kin and changes!
You feel better. The living spell casts itself at you.
The mass of ice explodes!
The iceblast engulfs you! You partially resist. You block the ettin's attack.
SHROANNG!
You block the ettin's attack.
PTOANNNG!
The purple very ugly thing basks in the mutagenic energy from its kin and changes!
The walking frostbound tome erupts in a flurry of living spells!
The deep troll earth mage gestures at you while chanting.
You shatter!
* * * LOW HITPOINT WARNING * * *
The blast of rock fragments hits the ettin but does no damage.
You hear a shout!
You hear a deafening roar!
You hear a horrible gurgling sound!
You hear two shouts!
You bludgeon the ettin!! You burn the ettin.
The ettin is heavily wounded.
You block the ettin's attack.
GONNNNG!
You block the ettin's attack.
SHROANNG!
You hear a horrible gurgling sound!
You puncture the ettin! You burn the ettin.
The ettin is severely wounded.
You stick the ettin like a pincushion!!!!
You burn the ettin.
You kill the ettin!
Okawaru accepts your kill.
You hear a splash. x2
The iron troll is no longer moving quickly.
The deep troll earth mage gestures at you while chanting.
You shatter!!
* * * LOW HITPOINT WARNING * * *
The green ugly thing basks in the mutagenic energy from its kin and changes!
The living spell casts itself at you.
The mass of ice explodes!
The iceblast engulfs you!! You partially resist.
You die...

#....#######.* ######
...........#*~
##....♣♣♣...........#.~
#....~*~~~~~(u~.......;
##..TT≈uuT~~~~~~......u~
#...T*;T*d;T~~~~.......≈
#.ZdT≈≈≈≈ud~~~~~.....Z..
#.Ti≈≈≈≈≈u*T~~~...###.T.
#.♣V≈≈≈@≈≈≈uT~....###...
♣TT≈≈≈≈≈uu~~......))..
♣~TT≈§≈≈u~((~.........
♣..~TT≈pV~~~~~........~
#♣..♣TTT~~~~~~~.......~
##...V~(~P~~~~.......≈
###...♣####.........~
##### #.........~
#.........~


You could see a walking earthen tome, a walking frostbound tome, 4 very ugly
things, a yellow draconian, a green draconian, a red draconian, 6 iron trolls, 5
ugly things, a hell knight (fast), 3 jiangshi, 10 deep trolls, a spriggan
berserker (slow), 2 deep troll earth magi, a deep troll shaman, a deep troll
earth mage simulacrum (fast) and 4 living spells.

Vanquished Creatures
  3 dread liches
  Sojobo (Depths:4)
  Bai Suzhen (Snake:2)
  Saint Roka (Orc:1)
  the Lernaean hydra (Swamp:4)
  Vashnia (Snake:4)
  3 golden dragons
  Zenata (Vaults:4)
  Jorgrun (Snake:1)
  A walking crystal tome (Depths:2)
  Mlioglotl (Snake:2)
  6 tentacled monstrosities
  2 titans (Vaults:5)
  2 liches
  A walking divine tome (Depths:3)
  A quicksilver dragon (Vaults:5)
  2 sphinxes
  Gastronok (Lair:1)
  3 storm dragons
  Frances (Snake:1)
  Kirke (Lair:4)
  3 shadow dragons
  Aizul (Snake:1)
  Roxanne (Swamp:3)
  7 tengu reavers
  3 iron dragons
  2 nagarajas (Snake:4)
  8 fire giants
  12 frost giants
  10 vault wardens
  A deep elf sorcerer (Vaults:5)
  A deep elf elementalist (Elf:1)
  Louise (Snake:2)
  2 orc warlords
  3 ghouls
  3 formless jellyfish
  A spriggan defender (Depths:1)
  26 ironbound preservers
  6 war gargoyles
  9 ironbound thunderhulks
  2 deep elf demonologists
  14 stone giants
  17 very ugly things
  5 eleionomae
  2 vampire knights (Depths:2)
  Nessos (Orc:1)
  2 deep elf annihilators (Vaults:4)
  7 dire elephants
  3 spark wasps (Depths:1)
  4 bunyips
  Snorg (D:12)
  9 fire dragons
  10 ettins
  2 deep elf death magi
  13 yaktaur captains
  3 deep elf high priests
  10 great orbs of eyes
  An entropy weaver (shapeshifter) (Vaults:4)
  6 ice dragons
  5 peacekeepers
  A hell beast (Depths:2)
  2 salamander tyrants (Snake:4)
  A catoblepas (Lair:5)
  37 vault guards
  4 spriggan air magi
  12 ironbound frosthearts
  20 hydras
  2 ogre magi (Vaults:5)
  12 anacondas
  3 two-headed ogres
  4 centaur warriors
  12 dancing weapons
  7 tengu warriors
  2 vampire magi
  4 boulder beetles
  13 naga warriors
  16 alligators
  A deep troll shaman (Lair:5)
  6 deep troll earth magi
  8 death yaks
  14 naga sharpshooters
  8 shock serpents
  2 hell knights (Depths:4)
  Urug (Lair:3)
  A soul eater (Depths:2)
  6 spriggan berserkers
  A fire crab (Lair:3)
  Sonja (Lair:4)
  4 orc high priests
  Amaemon (Lair:1)
  13 skeletal warriors
  2 titan skeletons
  8 deep elf knights
  4 salamander mystics (Snake:4)
  4 iron trolls
  A sixfirhy (Depths:2)
  7 goliath frogs
  A skyshark (Lair:4)
  A death drake (Swamp:1)
  2 storm dragon skeletons (Depths:2)
  An orb spider (shapeshifter) (Vaults:3)
  11 bog bodies
  2 flayed ghosts
  10 swamp dragons
  48 deep trolls
  7 deep elf archers
  3 glowing orange brains
  16 ironbound convokers
  2 spriggan druids
  A swamp dragon (shapeshifter) (Vaults:5)
  2 wizards
  10 orc knights
  8 naga ritualists
  14 mana vipers
  3 necromancers
  A harpy (shapeshifter) (Vaults:4)
  6 phantasmal warriors (Vaults:4)
  14 deep elf pyromancers
  4 lindwurms
  Pikel (D:4)
  A harpy (Vaults:1)
  8 cyclopes
  13 deep elf zephyrmancers
  5 orc sorcerers
  2 oklob plants
  2 manticores (shapeshifter) (Vaults:4)
  A faun (shapeshifter) (Vaults:4)
  4 large abominations (Depths:2)
  31 ugly things
  A cyclops (shapeshifter) (Vaults:4)
  2 tengu skeletons (Vaults:2)
  A guardian serpent (shapeshifter) (Vaults:1)
  2 will-o-the-wisps
  20 elephants
  6 manticores
  11 salamanders
  A frost giant skeleton (Vaults:2)
  A stone giant skeleton (Vaults:2)
  4 guardian serpents
  An ice statue (IceCv)
  13 naga magi
  A rust devil (Depths:2)
  A torpor snail (shapeshifter) (D:14)
  3 human skeletons (Vaults:2)
  34 black mambas
  Joseph (D:7)
  16 vault sentinels
  3 gargoyles
  2 orange demons
  6 unseen horrors
  5 cane toads
  An efreet (D:9)
  3 rime drakes
  29 yaktaurs
  4 tengu conjurers
  A rime drake (shapeshifter) (D:15)
  3 red devils (Depths:2)
  11 komodo dragons
  A bloated husk (Swamp:4)
  5 trolls
  A hellwing (Depths:2)
  10 polar bears
  8 hornets
  10 tyrant leeches
  Grinder (D:4)
  A raiju (shapeshifter) (Vaults:5)
  7 blink frogs
  A snapping turtle (shapeshifter) (D:13)
  6 dream sheep (Lair:5)
  A dream sheep (shapeshifter) (D:15)
  25 slime creatures
  Sigmund (D:3)
  6 spriggans
  2 shadows
  47 yaks
  An ettin skeleton (Vaults:2)
  2 elf skeletons (Vaults:2)
  A water elemental (Depths:4)
  6 wyverns
  A vampire (D:9)
  2 wraiths
  A spriggan skeleton (Depths:2)
  4 basilisks
  A fire elemental (Elf:1)
  3 humans (Lair:4)
  3 steam dragons
  A yaktaur simulacrum (Vaults:1)
  Menkaure (D:7)
  Grum (Lair:1)
  10 vampire mosquitoes
  3 chaos spawn
  A warg (shapeshifter) (Vaults:4)
  2 acid dragons (D:10)
  49 nagas
  6 wargs
  16 swamp worms
  Edmund (D:5)
  4 glowing shapeshifter skeletons (Vaults:2)
  16 water moccasins
  A sky beast (D:7)
  8 swamp drakes
  31 orc warriors
  An ice beast (D:5)
  A black bear (shapeshifter) (Vaults:5)
  4 black bears
  An ogre (shapeshifter) (Vaults:5)
  3 boggarts (Vaults:2)
  9 ogres
  A phantom (D:5)
  24 centaurs
  32 wolves
  4 lemures
  A kobold brigand (D:9)
  2 gnoll sergeants
  5 bullfrogs
  2 earth elementals (Elf:1)
  4 scorpions
  A necrophage (Swamp:1)
  9 wights
  2 small abominations (Depths:2)
  6 killer bees
  4 howler monkeys
  3 electric eels (Lair:2)
  3 jellies (D:5)
  22 orc priests
  A gnoll bouda (D:4)
  2 hounds
  Terence (D:3)
  A hell rat (D:7)
  9 iguanas
  26 orc wizards
  Robin (D:4)
  15 gnolls
  13 adders
  7 river rats (D:7)
  2 shadow imps (D:6)
  15 white imps
  3 ufetubi (D:5)
  A worm (D:4)
  4 dart slugs
  88 orcs
  4 ball pythons
  8 endoplasms
  8 giant cockroaches
  16 goblins
  13 hobgoblins
  4 jackals (D:5)
  15 kobolds
  16 quokkas
  3 bats
  3 frilled lizards
  22 rats
1673 creatures vanquished.

Vanquished Creatures (others)
  A storm dragon (Depths:4)
  A nagaraja (Snake:4)
  A rakshasa (Depths:1)
  2 naga warriors (Snake:4)
  A necromancer (Depths:4)
  A black mamba (Lair:4)
  4 bloated husks
  2 vampire mosquitoes (Swamp:2)
  A naga (Snake:3)
  A swamp drake (Swamp:4)
  A boggart (Vaults:2)
  A small abomination (Depths:2)
  An orc priest (Orc:2)
  An orc wizard (Orc:2)
  An orc (Orc:2)
  10 foxfires (Swamp:3)
  2 starspawn tentacles (Snake:2)
32 creatures vanquished.

Grand Total: 1705 creatures vanquished

Notes
Turn   | Place    | Note
-------+----------+-------------------------------------------
     0 | D:1      | AdnanSaban the Gargoyle Fighter began the quest for the
                  | Orb.
     0 | D:1      | Reached XP level 1. HP: 14/14 MP: 1/1
    81 | D:1      | Reached XP level 2. HP: 18/20 MP: 2/2
   431 | D:1      | Reached XP level 3. HP: 24/24 MP: 3/3
   899 | D:2      | Reached XP level 4. HP: 26/29 MP: 4/4
  1469 | D:3      | Found a runed translucent door.
  1470 | D:3      | Noticed Crazy Yiuf
  1600 | D:3      | Noticed Terence
  1615 | D:3      | Killed Terence
  1616 | D:3      | Reached XP level 5. HP: 29/33 MP: 5/5
  1645 | D:3      | Reached skill level 1 in Dodging
  2067 | D:3      | Noticed Sigmund
  2082 | D:3      | Killed Sigmund
  2083 | D:3      | Reached XP level 6. HP: 36/39 MP: 6/6
  2456 | D:4      | Noticed Grinder
  2487 | D:4      | Paralysed by Grinder for 3 turns
  2507 | D:4      | Paralysed by Grinder for 4 turns
  2513 | D:4      | Killed Grinder
  2514 | D:4      | Reached skill level 5 in Fighting
  2514 | D:4      | Reached skill level 5 in Maces & Flails
  2514 | D:4      | Reached skill level 4 in Shields
  2514 | D:4      | Reached XP level 7. HP: 32/44 MP: 7/7
  2702 | D:4      | Noticed Pikel
  3461 | D:4      | Killed Pikel
  3462 | D:4      | Reached skill level 5 in Armour
  3462 | D:4      | Reached XP level 8. HP: 36/50 MP: 8/8
  3656 | D:4      | Noticed Robin
  3750 | D:4      | Killed Robin
  3821 | D:5      | Entered Level 5 of the Dungeon
  4044 | D:5      | Found a sacrificial altar of Ru.
  4134 | D:5      | Found a shimmering blue altar of Sif Muna.
  4358 | D:5      | Reached skill level 5 in Shields
  4531 | D:5      | Reached XP level 9. HP: 17/55 MP: 9/9
  4985 | D:5      | Found a white marble altar of Elyvilon.
  5310 | D:5      | Noticed Edmund
  5324 | D:5      | Killed Edmund
  5630 | D:6      | Found a staircase to the Ecumenical Temple.
  5636 | Temple   | Entered the Ecumenical Temple
  5647 | Temple   | Became a worshipper of Warmaster Okawaru
  5872 | D:6      | Reached * piety under Okawaru
  6065 | D:6      | Found a blossoming altar of Fedhas.
  6067 | D:6      | Found a radiant altar of Vehumet.
  6071 | D:6      | Found a sparkling altar of Nemelex Xobeh.
  6228 | D:7      | Reached XP level 10. HP: 63/63 MP: 10/10
  6275 | D:7      | Noticed Menkaure
  6280 | D:7      | Killed Menkaure
  6347 | D:7      | Noticed Joseph
  6360 | D:7      | Killed Joseph
  6361 | D:7      | Reached skill level 10 in Maces & Flails
  6521 | D:7      | Reached ** piety under Okawaru
  6690 | D:7      | Found Cozun's General Store.
  6717 | D:7      | Found a stormy altar of Qazlal.
  7574 | D:8      | Noticed a cyan ugly thing
  7585 | D:8      | Killed a cyan ugly thing
  7944 | D:8      | Reached *** piety under Okawaru
  8636 | D:9      | Reached XP level 11. HP: 68/68 MP: 11/11
  9082 | D:9      | Reached **** piety under Okawaru
  9416 | D:10     | Entered Level 10 of the Dungeon
 10350 | D:11     | Reached ***** piety under Okawaru
 10373 | D:11     | Noticed a manticore
 10575 | D:11     | Noticed a cyclops
 10590 | D:11     | Killed a cyclops
 10592 | D:11     | Found a staircase to the Lair.
 10604 | D:11     | Killed a manticore
 10808 | D:11     | Noticed a two-headed ogre
 10817 | D:11     | Killed a two-headed ogre
 10817 | D:11     | Identified the +5 eveningstar of Kindness {flame, rElec rF+
                  | rC+} (Okawaru gifted it to you on level 11 of the Dungeon)
 10817 | D:11     | Received a gift from Okawaru
 10818 | D:11     | Reached skill level 1 in Throwing
 10863 | D:11     | Noticed a boulder beetle
 10863 | D:11     | Noticed a green ugly thing
 10863 | D:11     | Noticed a cyan ugly thing
 10863 | D:11     | Noticed a green ugly thing
 10863 | D:11     | Noticed a cyclops
 10897 | D:10     | Killed a brown ugly thing
 10958 | D:11     | Killed a green ugly thing
 11215 | D:11     | Killed a cyan ugly thing
 11409 | D:11     | Killed a boulder beetle
 11410 | D:11     | Reached skill level 10 in Armour
 11410 | D:11     | Reached XP level 12. HP: 40/76 MP: 12/12
 12439 | D:12     | Noticed a two-headed ogre
 12447 | D:12     | Killed a two-headed ogre
 12448 | D:12     | Reached skill level 6 in Shields
 12825 | D:12     | Identified the +2 pair of boots "Moivurpho" {rN+ Int+5
                  | Slay+6} (Okawaru gifted it to you on level 12 of the
                  | Dungeon)
 12825 | D:12     | Received a gift from Okawaru
 12832 | D:12     | Reached skill level 10 in Fighting
 12902 | D:11     | HP: 3/77 [something (27)]
 13430 | D:12     | Found a staircase to the Orcish Mines.
 13827 | Lair:1   | Entered Level 1 of the Lair of Beasts
 13938 | Lair:1   | Noticed Grum
 13962 | Lair:1   | Killed Grum
 14081 | Lair:1   | Reached skill level 7 in Shields
 14154 | Lair:1   | Noticed Gastronok
 14403 | Lair:1   | Killed Gastronok
 14564 | Lair:1   | Identified the +1 pair of gloves "Xymer" {rF- rN+++ Regen+
                  | rCorr} (Okawaru gifted it to you on level 1 of the Lair of
                  | Beasts)
 14564 | Lair:1   | Received a gift from Okawaru
 14611 | Lair:1   | Noticed Amaemon
 14711 | Lair:1   | Reached skill level 5 in Throwing
 14711 | Lair:1   | Reached XP level 13. HP: 79/83 MP: 13/13
 14733 | Lair:1   | Killed Amaemon
 15096 | Lair:1   | Reached ****** piety under Okawaru
 15853 | Lair:2   | Reached skill level 15 in Maces & Flails
 15893 | Lair:2   | Got the Discursus on Transformed Bombardment
 15973 | Lair:2   | Found a blossoming altar of Fedhas.
 16280 | Lair:2   | Found a staircase to the Swamp.
 16905 | Lair:3   | Found a staircase to the Snake Pit.
 16922 | Lair:3   | Noticed Urug
 16932 | Lair:3   | Killed Urug
 17129 | Lair:3   | Received a gift from Okawaru
 17517 | Lair:4   | Noticed Sonja
 17641 | Lair:4   | Received a gift from Okawaru
 17671 | Lair:4   | Killed Sonja
 17672 | Lair:4   | Reached skill level 8 in Shields
 17694 | Lair:4   | Found a frozen archway.
 17725 | IceCv    | Entered an ice cave
 17737 | IceCv    | Gained mutation: Your large and strong wings let you fly.
                  | [Gargoyle growth]
 17737 | IceCv    | Reached XP level 14. HP: 91/91 MP: 14/14
 18196 | IceCv    | Noticed a frost giant
 18221 | IceCv    | Killed a frost giant
 18221 | IceCv    | Identified the +0 tower shield of Lust {Contam Str+5}
                  | (Okawaru gifted it to you in an ice cave)
 18221 | IceCv    | Received a gift from Okawaru
 18517 | Lair:4   | Noticed Kirke
 18531 | Lair:4   | Killed Kirke
 18618 | Lair:4   | Reached skill level 9 in Shields
 18970 | Lair:5   | Entered Level 5 of the Lair of Beasts
 19329 | Lair:5   | Found a viscous altar of Jiyva.
 19330 | Lair:5   | Found a staircase to the Slime Pits.
 19478 | Lair:5   | Received a gift from Okawaru
 19680 | Lair:5   | Reached skill level 10 in Shields
 19842 | Lair:5   | Reached XP level 15. HP: 88/98 MP: 15/15
 20134 | Lair:5   | Received a gift from Okawaru
 20587 | Orc:1    | Entered Level 1 of the Orcish Mines
 20588 | Orc:1    | Noticed Snorg
 20603 | D:12     | Killed Snorg
 20722 | Orc:2    | Entered Level 2 of the Orcish Mines
 20729 | Orc:2    | Noticed Saint Roka
 20752 | Orc:2    | Noticed Nessos
 20767 | Orc:1    | Killed Saint Roka
 20860 | Orc:1    | Killed Nessos
 21513 | Orc:2    | Found a staircase to the Elven Halls.
 21877 | Orc:2    | Reached skill level 11 in Shields
 22009 | Orc:2    | Found a burning altar of Makhleb.
 22420 | Orc:2    | Found Cojaic's Distillery.
 22420 | Orc:2    | Found Ysoexoz's Assorted Antiques.
 22422 | Orc:2    | Found Tithra Gaomesm's Jewellery Shop.
 22422 | Orc:2    | Found Voheat's Distillery.
 22666 | D:13     | Received a gift from Okawaru
 23531 | D:14     | You are sucked into a shaft and drop 1 floor!
 23531 | D:15     | Entered Level 15 of the Dungeon
 23716 | D:14     | Found a stormy altar of Qazlal.
 23893 | D:14     | Reached XP level 16. HP: 104/107 MP: 16/16
 23952 | D:14     | Received a gift from Okawaru
 23953 | D:14     | Found a gate to the Vaults.
 24051 | D:14     | Found a bloodstained altar of Trog.
 24497 | D:15     | Reached skill level 12 in Shields
 24567 | D:15     | Received a gift from Okawaru
 24567 | D:15     | Found the +15 Maxwell's patent armour {-Cast -Tele rElec
                  | Will+ rCorr}
 24778 | D:15     | Got the Encyclopedia of Aeromancy and Generation
 25052 | D:15     | Found a portal to a secret trove of treasure.
 25338 | Swamp:1  | Entered Level 1 of the Swamp
 25390 | Swamp:1  | Reached skill level 15 in Fighting
 25510 | Swamp:1  | Found a runed translucent gate.
 25510 | Swamp:1  | Noticed a thorn hunter
 25511 | Swamp:1  | Found a runed translucent gate.
 25679 | Swamp:1  | Noticed nawrastar's ghost (adept TeSu)
 25681 | Swamp:1  | Noticed a thorn hunter
 25682 | Swamp:1  | Found a runed translucent gate.
 26336 | Swamp:1  | Received a gift from Okawaru
 26345 | Swamp:1  | Reached skill level 13 in Shields
 26793 | Swamp:3  | Received a gift from Okawaru
 26993 | Swamp:3  | Reached XP level 17. HP: 114/114 MP: 17/17
 27223 | Swamp:3  | Reached skill level 14 in Shields
 27295 | Swamp:3  | Noticed Roxanne
 27314 | Swamp:3  | Killed Roxanne
 27440 | Swamp:4  | Entered Level 4 of the Swamp
 27520 | Swamp:3  | Received a gift from Okawaru
 27596 | Swamp:4  | Identified the +3 mace "Riulus" {flame, Stlth+} (Okawaru
                  | gifted it to you on level 4 of the Swamp)
 27596 | Swamp:4  | Received a gift from Okawaru
 27856 | Swamp:4  | Identified the +3 morningstar of Digrion {vamp, rC+ Dex+5}
 27899 | Swamp:4  | Noticed the 27-headed Lernaean hydra
 27914 | Swamp:4  | Killed the 27-headed Lernaean hydra
 28035 | Swamp:4  | Reached skill level 15 in Shields
 28087 | Swamp:4  | Identified the scarf of Liberalism {rC+ rF+, rPois Str+3}
                  | (Okawaru gifted it to you on level 4 of the Swamp)
 28087 | Swamp:4  | Received a gift from Okawaru
 28228 | Swamp:4  | Got a decaying rune of Zot
 28582 | Snake:1  | Entered Level 1 of the Snake Pit
 28759 | Snake:1  | Noticed Frances
 28791 | Snake:1  | Killed Frances
 29209 | Snake:1  | Noticed Aizul
 29220 | Snake:1  | Killed Aizul
 29297 | Snake:1  | Identified the +9 plate armour of the Evening Star {rPois}
 29344 | Snake:1  | Found Inkoo's Antique Armour Shoppe.
 29344 | Snake:1  | Found Ykoakot's Book Emporium.
 29352 | Snake:1  | Found Napsive's Armour Shoppe.
 29355 | Snake:1  | Found Jeopt's Distillery.
 29379 | Snake:1  | Reached skill level 16 in Shields
 29706 | Snake:2  | Reached XP level 18. HP: 122/122 MP: 18/18
 29882 | Snake:2  | Noticed Jorgrun
 29915 | Snake:1  | Killed Jorgrun
 29916 | Snake:1  | Reached skill level 15 in Armour
 30136 | Snake:2  | Noticed Louise
 30160 | Snake:2  | Killed Louise
 30160 | Snake:2  | Identified the +4 chain mail of Grottiness {+Blink Regen+
                  | Str+7 Slay-3} (Okawaru gifted it to you on level 2 of the
                  | Snake Pit)
 30160 | Snake:2  | Received a gift from Okawaru
 30214 | Snake:2  | Noticed Mlioglotl
 30298 | Snake:2  | Killed Mlioglotl
 30617 | Snake:2  | Found Wawn's Magic Scroll Boutique.
 30928 | Snake:3  | Noticed Bai Suzhen
 30945 | Snake:2  | Reached skill level 1 in Invocations
 31051 | Snake:3  | Found Ange Mal's Distillery.
 31990 | Snake:2  | Killed Bai Suzhen
 32259 | Snake:3  | Reached skill level 17 in Shields
 32657 | Snake:4  | Entered Level 4 of the Snake Pit
 32754 | Snake:4  | HP: 6/122 [constriction (5)]
 33039 | Snake:4  | Received a gift from Okawaru
 33099 | Snake:4  | Received a gift from Okawaru
 33245 | Snake:4  | Found a flickering gateway to a bazaar.
 33251 | Bazaar   | Entered a bazaar
 33254 | Bazaar   | Found Zamyoc's Assorted Antiques.
 33275 | Bazaar   | Found Etinonk's Armour Shop.
 33283 | Bazaar   | Found Huaxoxag's Book Boutique.
 33287 | Bazaar   | Found Monywk's Antique Armour Shop.
 33295 | Bazaar   | Found Ofuiqist's Distillery.
 33368 | Bazaar   | Bought a heavily runed cloak for 114 gold pieces
 33368 | Bazaar   | Identified the +1 cloak of the Louse {rN+ MP+9 Str+4 Dex-4}
                  | (You bought it in a shop in a bazaar)
 33381 | Bazaar   | Bought a potion of heal wounds for 65 gold pieces
 33381 | Bazaar   | Bought a potion of curing for 39 gold pieces
 33381 | Bazaar   | Bought a potion of haste for 130 gold pieces
 33449 | Snake:4  | Reached skill level 18 in Shields
 33540 | Snake:4  | Noticed Vashnia
 33549 | Snake:4  | Killed Vashnia
 33552 | Snake:4  | Reached XP level 19. HP: 127/128 MP: 17/19
 33803 | Snake:4  | Identified the +1 crystal plate armour of Compression
                  | {Str+7} (Okawaru gifted it to you on level 4 of the Snake
                  | Pit)
 33803 | Snake:4  | Received a gift from Okawaru
 34315 | Snake:4  | Got a serpentine rune of Zot
 34754 | D:15     | Found a staircase to the Depths.
 35113 | Elf:1    | Entered Level 1 of the Elven Halls
 35550 | Elf:1    | Reached skill level 19 in Shields
 35673 | Elf:1    | Identified the +1 leather armour "Ucossuug" {rC- rN+++
                  | Str+5}
 35691 | Elf:1    | Gained mutation: You are vulnerable to cold. (rC-) [a
                  | cacodemon]
 35704 | Elf:1    | Noticed an Ice Fiend
 35727 | Elf:1    | Noticed a Brimstone Fiend
 35848 | Elf:1    | Found a runed translucent gate.
 35848 | Elf:1    | Found a runed translucent gate.
 35848 | Elf:1    | Found a runed translucent gate.
 35848 | Elf:1    | Found a runed translucent gate.
 35848 | Elf:1    | Found a runed translucent gate.
 35850 | Elf:1    | Found a runed translucent gate.
 36356 | Elf:2    | Noticed gyole's ghost (journeyman TrSh)
 36356 | Elf:2    | Found a runed translucent door.
 36356 | Elf:2    | Found a shimmering altar of Xom.
 36542 | Elf:2    | Found a runed translucent gate.
 36542 | Elf:2    | Found a runed translucent gate.
 36543 | Elf:2    | Found a runed translucent gate.
 36705 | Elf:2    | Received a gift from Okawaru
 37243 | Vaults:1 | Entered Level 1 of the Vaults
 37281 | Vaults:1 | Found Banetz's Antique Weapon Emporium.
 37466 | Vaults:1 | Received a gift from Okawaru
 37840 | Vaults:1 | Reached XP level 20. HP: 136/136 MP: 20/20
 38037 | Vaults:1 | Identified the +1 robe "Ytud" {rPois Str+2 Stlth+}
 38834 | Vaults:2 | Received a gift from Okawaru
 39154 | Vaults:2 | Reached skill level 20 in Shields
 39221 | Vaults:2 | Found a staircase to the Crypt.
 39719 | Vaults:2 | Received a gift from Okawaru
 39879 | Vaults:2 | Found Hymyisch's Magic Scroll Shop.
 40958 | Vaults:3 | Reached skill level 21 in Shields
 40975 | Vaults:3 | Reached XP level 21. HP: 143/143 MP: 21/21
 40987 | Vaults:3 | Received a gift from Okawaru
 41133 | Vaults:3 | Received a gift from Okawaru
 41321 | Vaults:3 | Identified the +9 halberd "Keawos" {venom, rF- rC++ rN+++
                  | Dex+3}
 41321 | Vaults:3 | Identified the amulet of Obsession {RegenMP Rampage rF-
                  | rCorr}
 41648 | Vaults:3 | You are sucked into a shaft and drop 1 floor!
 41648 | Vaults:4 | Found Mine's Antique Armour Shoppe.
 41661 | Vaults:4 | Received a gift from Okawaru
 41733 | Vaults:4 | Noticed Zenata
 41765 | Vaults:4 | Killed Zenata
 41845 | Vaults:4 | Received a gift from Okawaru
 41856 | Vaults:4 | Reached skill level 5 in Dodging
 41919 | Vaults:4 | Reached skill level 22 in Shields
 42146 | Vaults:4 | Identified the +0 robe of a bazaar {Dex+4}
 42290 | Vaults:4 | Found a transporter.
 42438 | Vaults:4 | Noticed a dread lich
 42484 | Vaults:4 | Killed a dread lich
 42563 | Vaults:4 | Noticed Hosunepni's ghost (adept FeBe)
 42573 | Vaults:4 | Found a transporter.
 43035 | Vaults:5 | Entered Level 5 of the Vaults
 43035 | Vaults:5 | Noticed a golden dragon
 43042 | Vaults:4 | Received a gift from Okawaru
 43209 | Vaults:4 | Killed a golden dragon
 43283 | Vaults:5 | Identified the amulet of Roazier {Regen+ Str+3 Dex-4 SInv}
 43354 | Vaults:5 | Identified the +3 hand axe of the Stained God {vamp, Will+
                  | Str+2}
 43357 | Vaults:5 | Noticed a dread lich
 43360 | Vaults:4 | Reached XP level 22. HP: 152/152 MP: 22/22
 43475 | Vaults:4 | Killed a dread lich
 43540 | Vaults:4 | Identified the +5 ring mail "Axirufao" {*Corrode Fly Int+2}
                  | (Okawaru gifted it to you on level 4 of the Vaults)
 43540 | Vaults:4 | Received a gift from Okawaru
 43550 | Vaults:4 | Reached skill level 23 in Shields
 43893 | Vaults:5 | Noticed a golden dragon
 43902 | Vaults:5 | Killed a golden dragon
 43922 | Vaults:5 | Identified the +8 spear of Scorn {drain, Str+7}
 44121 | Vaults:5 | Identified the amulet of the Will of the Gods {Faith rC++
                  | Int-2 Slay+6 Stlth+}
 44227 | Vaults:5 | Got a silver rune of Zot
 44347 | Vaults:5 | Noticed a golden dragon
 44357 | Vaults:5 | Killed a golden dragon
 44405 | Vaults:5 | Noticed a dread lich
 44416 | Vaults:5 | Killed a dread lich
 44426 | Vaults:5 | Identified the +4 ring mail of the Stag {Will+}
 44580 | Vaults:5 | Found the +18 shield of the Gong {Loud rN+ Will+ rCorr
                  | EV-5}
 44582 | Vaults:5 | Got the Papyrus of the Foul Nimbus
 44948 | Vaults:5 | Received a gift from Okawaru
 45280 | Depths:1 | Entered Level 1 of the Depths
 45328 | Depths:1 | Found a gateway to Hell.
 45559 | Depths:1 | Found a hide-covered altar of Uskayaw.
 45692 | Depths:1 | Found an ancient bone altar of Kikubaaqudgha.
 46187 | Depths:2 | Reached skill level 24 in Shields
 46198 | Depths:2 | Reached XP level 23. HP: 147/158 MP: 23/23
 46579 | Depths:2 | Received a gift from Okawaru
 46803 | Depths:2 | Received a gift from Okawaru
 47206 | Depths:2 | Found a one-way gate leading to the halls of Pandemonium.
 47257 | Depths:2 | Identified the +3 short sword of Waxeas {venom, rElec Int-3
                  | Dex+7 Stlth-}
 47259 | Depths:2 | Found a one-way gate to the infinite horrors of the Abyss.
 47300 | Depths:2 | Found Lastomuamm's Weapon Shop.
 47360 | Depths:2 | Identified the +8 mace "Ewkoiklo" {freeze, rC- Will+ Int+2
                  | Dex+3}
 47977 | Depths:3 | Identified the +2 helmet of Servitude {rPois SInv} (Okawaru
                  | gifted it to you on level 3 of the Depths)
 47977 | Depths:3 | Received a gift from Okawaru
 48264 | Depths:3 | Reached skill level 25 in Shields
 48292 | Depths:3 | You are sucked into a shaft and drop 1 floor!
 48292 | Depths:4 | Entered Level 4 of the Depths
 48416 | Depths:4 | Noticed Sojobo
 48453 | Depths:4 | Killed Sojobo
 48476 | Depths:4 | Killed from afar by a living spell

Illustrated notes

Levels and vault maps discovered:
D:1:      psy_arrival_spokes, layout_basic, serial_curves, eino_curves_02,
          eino_curves_03
D:2:      layout_loops_corners
D:3:      layout_basic, serial_park_tiny_pond, uniq_sigmund,
          uniq_crazy_yiuf_cottage, uniq_terence
D:4:      layout_cave_pools, minmay_misc_feat_doors, minmay_cut_off, uniq_robin,
          uniq_grinder, uniq_pikel
D:5:      minmay_polygon_palace, layout_basic,
          nicolae_ru_great_annihilating_truth, mainiacjoe_overflow_24_doors,
          overflow_temple_1_default, nicolae_figureground_pulse, uniq_edmund
D:6:      layout_loops_ring, grunt_temple_overflow_open,
          minmay_temple_entry_hall, minivault_23
D:7:      lemuel_ratsnest, layout_basic, mainiacjoe_overflow_cross_hatched,
          serial_shops, shop, uniq_joseph, uniq_menkaure
D:8:      layout_loops_ring
D:9:      layout_basic
D:10:     layout_cross
D:11:     layout_rooms, lair_entry_dummy, minmay_joined_circles
D:12:     layout_roguey, orc_0_dummy, serial_rivers,
          chequers_serial_rivers_large_a, chequers_serial_rivers_large_b,
          chequers_serial_rivers_room_a, chequers_serial_rivers_room_a,
          kennysheep_potato
D:13:     layout_stronghold
D:14:     layout_loops_ring, grunt_vaults_entry_fortified,
          nicolae_qazlal_style_of_elements, bloody_trog
D:15:     grunt_enter_depths_snipers, layout_irregular_city,
          trove_entry_hex_spiral, chequers_arboretum, minmay_between
Temple:   hellmonk_temple_two_chambers
Lair:1:   layout_layer_cave, beast_lair_carwin_5, uniq_amaemon, uniq_gastronok,
          uniq_grum
Lair:2:   layout_gridlike, palyth_hydra_swamp_entry,
          nicolae_quartered_pool_medium, tgw_fedhas
Lair:3:   layout_hall_layers, minmay_snake_entry_guardpost_small, serial_forest,
          infiniplex_forest_zigzag_1, infiniplex_forest_clump_long,
          infiniplex_forest_straight_4, infiniplex_forest_end_1,
          infiniplex_forest_end_1, infiniplex_forest_lined_2,
          infiniplex_forest_fountain, infiniplex_forest_straight_2,
          infiniplex_forest_zigzag_1, infiniplex_forest_lined_4_way, uniq_urug
Lair:4:   layout_long_grid, portal_ice_cave_entry_imps, uniq_kirke, uniq_sonja
Lair:5:   grunt_lair_end_beastmaster, layout_regular_city, slime_entry_1,
          grunt_forest_large_clearings
Swamp:1:  layout_basic_swamp, gammafunk_ghost_split,
          evilmike_swamp_ruin_house_2, swamp_pool1, hangedman_swamp_grove,
          infiniplex_staircase_pool_2
Swamp:2:  layout_falls_marsh, evilmike_swamp_ruin_house_1
Swamp:3:  layout_basic_swamp, nicolae_swamp_very_dense_foliage, uniq_roxanne
Swamp:4:  grunt_swamp_rune_castle, layout_basic_swamp, swamp_pool5
Snake:1:  layout_onion_interference, minmay_shoptagon, uniq_frances, uniq_aizul
Snake:2:  layout_grid_shapes, serial_shops, nicolae_shop_rolling_square,
          serial_bayou_shore_b, uniq_mlioglotl, uniq_jorgrun, uniq_louise
Snake:3:  layout_layer_cave, serial_shops, shop, uniq_bai_suzhen
Snake:4:  johnstein_snake_rune_scales, layout_cave_shapes, serial_shops,
          bzr_entry_safe
Orc:1:    layout_caves, uniq_snorg
Orc:2:    grunt_orc_tribal_feast, layout_diamond_mine,
          statue_in_the_mist_lemuel, nicolae_orc_damp_corner, bloody_makhleb,
          uniq_saint_roka, uniq_nessos
Elf:1:    nicolae_elf_arrival_fired_up, layout_geoelf_diagonals, orc_legates
Elf:2:    nicolae_elf_blades_splatter_lattice [nicolae_blade_bullseye],
          layout_onion_city, ebering_ghost_xom
Vaults:1: nicolae_vaults_weapon_check, nicolae_vaults_tetromino_Z_1,
          vaults_mumra_bighexcomb, nicolae_vaults_more_shelving_2,
          vaults_mumra_lcd, hangedman_vaults_locks, nicolae_vaults_heist,
          nicolae_vaults_offset_grid_hallway_3, serial_ice_h, vaults_dpeg_ring,
          layout_vaults_omnigrid, serial_shops, nicolae_shop_overgrown_old_shop
Vaults:2: nicolae_vaults_trapezoid_lopsided_2,
          nicolae_vaults_offset_grid_hallway_2, nicolae_vaults_network_square,
          nicolae_vaults_little_squares_1, v_misc_33,
          nicolae_vaults_network_quinsquares
          [nicolae_vaults_network_quincunx_subvault,
          nicolae_vaults_network_quincunx_subvault,
          nicolae_vaults_network_quincunx_subvault,
          nicolae_vaults_network_quincunx_subvault], vaults_room_fancy_cross,
          nicolae_vaults_house_1, minmay_crypt_entry_skeletal_spiral,
          dpeg_vaults_hating_casters, nicolae_vaults_trapezoid_lopsided_1,
          nicolae_vaults_storage_room_water,
          nicolae_vaults_trapezoid_lopsided_1, ontoclasm_vaults_loading_screen,
          nicolae_vaults_apartment_2, layout_vaults_omnicross, serial_shops,
          nicolae_shop_trees
Vaults:3: nicolae_vaults_spaceships, nicolae_vaults_cornered_office,
          vaults_mumra_minichess_inversion, v_misc_17,
          nicolae_vaults_stairing_the_circle, nicolae_vaults_tetromino_L_1,
          nicolae_vaults_shelves_hall, v_misc_14,
          nicolae_vaults_hexular_roomagon, nicolae_vaults_trapezoid_4,
          nicolae_vaults_six-pack, nicolae_vaults_surprise_closet,
          layout_vaults_maze
Vaults:4: nzn_ghost_randoct, nicolae_vaults_double_plus_2, v_misc_17,
          nicolae_vaults_tetromino_T_1, v_misc_4, hangedman_vaults_nails,
          nicolae_vaults_closet_pinwheel_2, nicolae_vaults_house_2,
          nicolae_vaults_diamond_1, dpeg_vaults_monster_box,
          layout_vaults_big_room, serial_shops, nicolae_shop_tiny_waterfront,
          uniq_zenata
Vaults:5: serial_shops
Depths:1: layout_long_grid, basic_altar, hell_entry, minmay_stone_trees_large,
          columned_hall_lemuel, kennysheep_another_room,
          kennysheep_big_empty_room, kiku_gazebo_garden_becter
Depths:2: cheibrodos_spurs, layout_cave_pools, minmay_room_of_horrors,
          serial_shops, nicolae_shop_bloodbath_and_beyond, hell_entry,
          hangedman_abyss_or_decor_stagger, grunt_pan_entry_spiral,
          infiniplex_staircase_split_hallway, serial_bayou_shore_b
Depths:3: kennysheep_cluttered_fort, layout_gridlike, enter_ziggurat_c,
          hell_entry, abyss_entry, serial_sigils,
          serial_sigils_hangedman_writhe, serial_sigils_hangedman_quiver,
          serial_sigils_hangedman_gut, serial_sigils_hangedman_shear,
          serial_sigils_hangedman_gut, minmay_staircase_windowed_small,
          firewood_loft
Depths:4: evilmike_zot_entry_castle, layout_basic, hell_entry,
          abyss_entry_small_statue_room, serial_bayou_shore_b,
          serial_bayou_shore_a, uniq_sojobo

Skill      XL: |  1  2  3  4  5  6  7  8  9 10 11 12 13 14 15 16 17 18 19 20 21 22 23 |
---------------+----------------------------------------------------------------------+-----
Fighting       | 4 5 7 8 9 10 11 13 14 15 16 17 18 19 20 21 | 21.2
Maces & Flails | 3 4 5 6 7 9 11 13 14 15 16 17 18 19 20 21 22 | 22.6
Dodging        | 1 2 3 4 5 |  5.3
Armour         | 4 5 6 7 8 10 11 12 13 14 15 16 17 | 17.6
Shields        | 4 5 7 8 10 11 13 16 18 19 21 22 24 25 | 25.2
Throwing       | 1 5 6 7 8 |  8.3
Invocations    | 1 4 |  4.1

Action                     |  1- 3 |  4- 6 |  7- 9 | 10-12 | 13-15 | 16-18 | 19-21 | 22-24 || total
---------------------------+-------+-------+-------+-------+-------+-------+-------+-------++-------
  Melee: Flail             |    92 |   169 |   109 |       |       |       |       |       ||   370
         Whip              |       |       |   228 |       |       |       |       |       ||   228
         Dire flail        |       |       |    70 |   456 |       |       |       |       ||   526
         Eveningstar       |       |       |       |   195 |  1059 |  1130 |  1387 |  1006 ||  4777
  Throw: Javelin           |       |       |     1 |     1 |       |       |       |    10 ||    12
         Throwing net      |       |       |     1 |       |       |       |       |       ||     1
         Dart              |       |       |       |   110 |    66 |    56 |    41 |     8 ||   281
 Invoke: Heroism           |       |       |       |       |     3 |     6 |     2 |     4 ||    15
         Finesse           |       |       |       |       |       |       |       |     1 ||     1
  Evoke: Wand              |       |       |       |       |       |     1 |       |       ||     1
    Use: Potion            |       |       |       |     1 |     1 |    13 |     4 |     9 ||    28
         Scroll            |       |       |       |       |       |    13 |     6 |       ||    19
   Stab: Invisible         |       |       |     1 |       |       |       |       |       ||     1
         Paralysed         |       |       |     1 |       |       |       |       |       ||     1
         Confused          |       |       |       |       |       |     1 |       |       ||     1
 Armour: Scale mail        |    55 |    48 |       |       |       |       |       |       ||   103
         Chain mail        |       |    40 |   213 |   252 |       |       |       |       ||   505
         Plate armour      |       |       |       |   221 |   712 |   915 |   674 |   631 ||  3153
  Dodge: Dodged            |    45 |    66 |   134 |   261 |   299 |   297 |   243 |   144 ||  1489
  Block: Buckler           |    16 |    28 |    49 |     6 |       |       |       |       ||    99
         Kite shield       |       |       |       |    84 |   623 |       |       |   992 ||  1699
         Reflection        |       |       |       |       |    13 |   135 |   215 |    30 ||   393
         Tower shield      |       |       |       |       |       |  1603 |  1611 |   449 ||  3663

Table legend: (Time is in decaauts)
 A = Elapsed time spent in this place.
 B = Non-inter-level travel time spent in this place.
 C = Inter-level travel time spent in this place.
 D = Time resting spent in this place.
 E = Time spent auto-exploring this place.
 F = Levels seen in this place.
 G = Mean time per level.
                   A        B        C        D        E       F      G
               +--------+--------+--------+--------+--------+-----+--------+
         Total |  47470 |  41479 |   5991 |   3314 |  25065 |  44 | 1078.9 |
       Dungeon |  17339 |  15541 |   1798 |   2230 |   9772 |  15 | 1155.9 |
        Temple |     24 |     24 |      0 |      0 |      0 |   1 |   24.0 |
          Lair |   5944 |   5206 |    738 |      8 |   3619 |   5 | 1188.8 |
         Swamp |   3123 |   2883 |    240 |    298 |   1509 |   4 |  780.8 |
     Snake Pit |   5646 |   4240 |   1406 |    212 |   2501 |   4 | 1411.5 |
  Orcish Mines |   2007 |   1702 |    305 |    118 |    939 |   2 | 1003.5 |
   Elven Halls |   1876 |   1679 |    197 |     36 |   1089 |   2 |  938.0 |
        Vaults |   7631 |   6553 |   1078 |    303 |   3816 |   5 | 1526.2 |
        Depths |   3001 |   2774 |    227 |    109 |   1512 |   4 |  750.2 |
        Bazaar |    173 |    173 |      0 |      0 |     45 |   1 |  173.0 |
      Ice Cave |    701 |    701 |      0 |      0 |    263 |   1 |  701.0 |
               +--------+--------+--------+--------+--------+-----+--------+

Top non-repeatable levels by time:
Vaults:4: 1992 daAuts
Vaults:2: 1740 daAuts
 Snake:3: 1700 daAuts
    D:12: 1643 daAuts
     D:5: 1635 daAuts
Vaults:1: 1611 daAuts
  Lair:1: 1560 daAuts
    D:11: 1554 daAuts
 Snake:2: 1504 daAuts
     D:7: 1488 daAuts
     D:3: 1447 daAuts
Depths:2: 1373 daAuts
Vaults:5: 1296 daAuts
  Lair:5: 1268 daAuts
 Snake:4: 1236 daAuts
